Map: Galactic Process LE

Players

Gullinkambi

  • Race: Protoss Protoss
  • League: Gold
  • Spawn Location: 1:00

Fropez - Winner!

  • Race: Protoss Protoss
  • League: Gold
  • Spawn Location: 7:00

VOD

Have the link to the VOD?

Description

Time

  • Played on: Oct. 22, 2016, 9:50 p.m.
  • Length: 5:11
Show
View Real Time Build Order
Export as new Build Order

Gullinkambi Protoss 

Build Orders:  

Get SALT Encoding   

  12  0:01  Probe (Chrono Boost)  
  13  0:11  Probe (Chrono Boost)  
  14  0:20  Pylon  
  14  0:22  Probe (Chrono Boost)  
  15  0:38  Probe (Chrono Boost)  
  15  0:42  Gateway  
  16  0:49  Probe (Chrono Boost)  
  17  0:50  Assimilator  
  17  0:58  Pylon  
  17  1:01  Probe (Chrono Boost)  
  18  1:11  Probe (Chrono Boost)  
  18  1:16  Assimilator  
  19  1:22  Probe (Chrono Boost)  
  20  1:30  Cybernetics Core  
  20  1:31  Zealot  
  22  1:39  Probe (Chrono Boost)  
  23  1:49  Probe (Chrono Boost)  
  23  1:52  Gateway  
  24  1:58  Zealot  
  26  2:10  Robotics Facility  
  26  2:26  Zealot  
  28  2:30  Pylon  
  28  2:33  Pylon  
  28  2:40  Zealot  
  30  2:53  Pylon  
  30  2:57  Warp Prism  
  32  3:03  Zealot  
  34  3:13  Zealot  
  34  3:15  Warp Gate (Chrono Boost)  
  36  3:29  Pylon  
  36  3:32  Warp Prism  
  38  3:40  Zealot  
  40  3:47  Zealot  
  42  4:07  Sentry  
  44  4:13  Immortal  
  44  4:14  Sentry  
  50  4:35  Gateway  
Show
View Real Time Build Order
Export as new Build Order

Fropez Protoss - Winner!

Build Orders: 1 Gate Expand 

Get SALT Encoding   

  12  0:01  Probe (Chrono Boost)  
  13  0:14  Pylon  
  13  0:18  Probe (Chrono Boost)  
  14  0:33  Gateway  
  14  0:36  Probe (Chrono Boost)  
  14  0:41  Assimilator  
  15  0:46  Probe (Chrono Boost)  
  16  0:51  Gateway  
  17  0:57  Probe (Chrono Boost)  
  17  1:03  Assimilator  
  17  1:07  Probe (Chrono Boost)  
  18  1:20  Probe (Chrono Boost)  
  19  1:31  Probe (Chrono Boost)  
  20  1:40  Nexus  
  20  1:45  Assimilator  
  20  1:49  Probe (Chrono Boost)  
  21  1:59  Cybernetics Core  
  21  2:09  Probe (Chrono Boost)  
  22  2:20  Probe (Chrono Boost)  
  22  2:21  Pylon  
  23  2:35  Pylon  
  23  2:39  Stalker, Mothership Core (Chrono Boost)  
  27  2:45  Stalker  
  29  2:55  Probe (Chrono Boost)  
  30  3:04  Probe (Chrono Boost)  
  30  3:05  Pylon  
  31  3:06  Warp Gate (Chrono Boost)  
  31  3:12  Stalker  
  33  3:15  Sentry  
  35  3:28  Probe  
  35  3:32  Probe  
  37  3:39  Assimilator  
  37  3:43  Gateway  
  37  3:47  Probe x2  
  38  3:51  Assimilator  
  38  3:54  Stalker  
  41  3:58  Stalker  
  43  4:03  Probe x2  
  45  4:13  Probe  
  46  4:25  Probe  
  46  4:26  Probe  
  46  4:30  Pylon  
  48  4:35  Forge  
  48  4:41  Probe  
  48  4:42  Pylon, Probe  
  50  5:00  Gateway  
  50  5:01  Gateway  
Tags
 
Add a new tag
Caveats
  • Supply blocks, unpowered buildings, or Contaminate may cause inaccurate times.
  • Supply counts are checked every 10 seconds.